 Dungeon Crawl Stone Soup version 0.29-a0-422-gafbd6decc1 (webtiles) character file.

Game seed: 6327207960097063275

610 YayAnonymity the Cudgeller (level 7, -5/54 HPs)
             Began as a Demonspawn Gladiator on May 19, 2022.
             Slain by a komodo dragon (21 damage)
             ... on level 5 of the Dungeon.
             The game lasted 00:06:48 (3380 turns).

YayAnonymity the Cudgeller (Demonspawn Gladiator)   Turns: 3380, Time: 00:06:49

Health: -5/54      AC: 16    Str: 16    XL:     7   Next: 20%
Magic:  7/7        EV:  1    Int: 10    God:
Gold:   233        SH:  0    Dex: 14    Spells: 6/6 levels left

rFire   . . .      SeeInvis .   a - +0 flail
rCold   . . .      Faith    .   r - +18 shield of the Gong {rElec rN+ Will+ EV-5}
rNeg    + . .      Spirit   .   b - +0 chain mail
rPois   +          Reflect  .   c - +0 helmet
rElec   +          Harm     .   m - +0 cloak
rCorr   +          Rampage  .   (no gloves)
Will    +....                   v - +0 pair of boots
Stlth   ..........              (no amulet)
HPRegen 0.18/turn               l - ring of resist corrosion
MPRegen 0.10/turn               (no ring)

@: confused, ambrosia-drunk
A: slimy green scales 3, spiny 1, demonic touch 1
a: no special abilities


You were on level 5 of the Dungeon.
You visited 1 branch of the dungeon, and saw 5 of its levels.

You collected 233 gold pieces.

Inventory:

Hand Weapons
 a - a +0 flail (weapon)
Missiles
 d - 3 throwing nets (quivered)
 e - 5 javelins
Armour
 b - a +0 chain mail (worn)
 c - a +0 helmet (worn)
 m - a +0 cloak (worn)
 r - the +18 shield of the Gong (worn) {rElec rN+ Will+ EV-5}
   (You found it on level 3 of the Dungeon)

   It is deafeningly noisy when blocking attacks.
   EV:        It affects your evasion (-5).
   rElec:     It insulates you from electricity.
   rN:        It protects you from negative energy.
   Will:      It increases your willpower.
 v - a +0 pair of boots (worn)
Jewellery
 l - a ring of resist corrosion (left hand)
Wands
 p - a wand of polymorph (3)
Scrolls
 g - 2 scrolls of poison
 n - a scroll of noise
Potions
 f - 2 potions of curing
 h - a potion of brilliance
 j - a potion of mutation {unknown}
 k - a potion of invisibility
 u - 2 potions of lignification
 w - a potion of haste {unknown}


   Skills:
 - Level 4.0 Fighting
 + Level 4.9 Maces & Flails
 - Level 1.7 Throwing
 + Level 3.1 Armour
 + Level 4.3 Dodging


You had 6 spell levels left.
You didn't know any spells.
Your spell library contained the following spells:

 Spells                   Type           Power      Damage    Failure   Level
 Shock                    Conj/Air       0%         1d3       100%        1
 Ensorcelled Hibernation  Hex/Ice        0%         N/A       100%        2
 Passwall                 Tmut/Erth      0%         N/A       100%        2
 Gell's Gravitas          Tloc           0%         N/A       100%        3
 Swiftness                Air            0%         N/A       100%        3
 Teleport Other           Tloc           0%         N/A       100%        3
 Airstrike                Air            0%         N/A       100%        4
 Dispersal                Tloc           0%         N/A       100%        6


Dungeon Overview and Level Annotations

Branches:
Dungeon (5/15)
 Temple: D:4-7

Altars:
Uskayaw

Annotations:
D:4 1 runed translucent door, OTABOTABOTAB's ghost, amateur DrTm
D:5 Duvessa


Innate Abilities, Weirdness & Mutations

You are completely covered in slimy green scales. (AC +4, rPois)
You are partially covered in sharp spines.
Your touch may inflict minor irresistible damage on your foes.


Message History

GONNNNG!
You hit the komodo dragon but do no damage.
The komodo dragon is moderately wounded.
You block the komodo dragon's attack.
GONNNNG!
You block the komodo dragon's attack.
GONNNNG!
You hit the komodo dragon.
The komodo dragon is moderately wounded.
You block the komodo dragon's attack.
BOUMMMMG!
You hear a shout!
You thump the komodo dragon!
The komodo dragon is heavily wounded.
The komodo dragon bites you!!
You hit the komodo dragon but do no damage.
The komodo dragon is moderately wounded.
You block the komodo dragon's attack.
GONNNNG!
The komodo dragon bites you but does no damage.
You barely miss the komodo dragon.
The komodo dragon is moderately wounded.
You block the komodo dragon's attack.
GONNNNG!
You closely miss the komodo dragon.
The komodo dragon is moderately wounded.
You block the komodo dragon's attack.
PTOANNNG!
Duvessa, Sister of Dowan comes into view.
She is wielding a +0 short sword.
You sock the komodo dragon!
The komodo dragon is severely wounded.
The komodo dragon bites you!
* * * LOW HITPOINT WARNING * * *
You block the komodo dragon's attack.
SHROANNG!
You hear an angry hiss.
It was a potion of ambrosia.
You are confused.
You feel invigorated.
The komodo dragon is struck by your spines.
The komodo dragon bites you!!
You die...

#( .. ## .# .#.#
...# #..###
##....#
######.)####
.......)@l)#
.......###.'≈≈≈≈+
...e.#. .#≈≈≈≈#
#.##... .# ≈≈≈# .
##.. .# ### ...
.. #### ##


You could see a komodo dragon and Duvessa.

Vanquished Creatures
  An ice beast (D:3)
  A howler monkey (D:4)
  An orc priest (D:4)
  A gnoll shaman (D:4)
  A hound (D:4)
  An iguana (D:4)
  Natasha (thrice) (D:2)
  3 orc wizards
  8 gnolls
  6 adders
  An ufetubus (D:5)
  A worm (D:2)
  15 orcs
  6 ball pythons
  4 bats
  5 endoplasms
  A giant cockroach (D:4)
  6 goblins
  8 hobgoblins
  2 quokkas
  4 frilled lizards
  4 kobolds
  4 rats
87 creatures vanquished.

Notes
Turn   | Place    | Note
-------+----------+-------------------------------------------
     0 | D:1      | YayAnonymity the Demonspawn Gladiator began the quest for
                  | the Orb.
     0 | D:1      | Reached XP level 1. HP: 16/16 MP: 1/1
   190 | D:1      | Gained mutation: Your touch may inflict minor irresistible
                  | damage on your foes. [demonic ancestry]
   190 | D:1      | Reached XP level 2. HP: 22/22 MP: 2/2
   663 | D:1      | Gained mutation: You are partially covered in slimy green
                  | scales. (AC +2) [demonic ancestry]
   663 | D:1      | Reached XP level 3. HP: 28/28 MP: 3/3
   670 | D:2      | Reached skill level 1 in Armour
  1012 | D:2      | Reached XP level 4. HP: 34/34 MP: 4/4
  1030 | D:2      | Noticed Natasha
  1042 | D:2      | Killed Natasha
  1136 | D:2      | Noticed Natasha
  1141 | D:2      | Killed Natasha
  1286 | D:2      | Noticed Natasha
  1291 | D:2      | Killed Natasha
  1292 | D:2      | Gained mutation: You are partially covered in sharp spines.
                  | [demonic ancestry]
  1292 | D:2      | Reached XP level 5. HP: 40/40 MP: 5/5
  1507 | D:3      | Found a hide-covered altar of Uskayaw.
  1613 | D:3      | Found the +18 shield of the Gong {rElec rN+ Will+ EV-5}
  1727 | D:3      | Noticed an ice beast
  1750 | D:3      | Killed an ice beast
  1752 | D:3      | Gained mutation: You are mostly covered in slimy green
                  | scales. (AC +3) [demonic ancestry]
  1752 | D:3      | Reached XP level 6. HP: 26/47 MP: 6/6
  2692 | D:4      | Found a runed translucent door.
  2692 | D:4      | Noticed OTABOTABOTAB's ghost (amateur DrTm)
  2793 | D:5      | Entered Level 5 of the Dungeon
  3062 | D:4      | Gained mutation: You are completely covered in slimy green
                  | scales. (AC +4, rPois) [demonic ancestry]
  3062 | D:4      | Reached XP level 7. HP: 18/53 MP: 7/7
  3357 | D:5      | Noticed a komodo dragon
  3378 | D:5      | Noticed Duvessa
  3380 | D:5      | Slain by a komodo dragon

Illustrated notes

Levels and vault maps discovered:
D:1:      lemuel_arrival_muddy, layout_rooms, hangedman_decor_riveting
D:2:      layout_rooms, minivault_19, uniq_natasha
D:3:      layout_rooms, nicolae_uskayaw_murder_on_the_dancefloor
D:4:      layout_basic, nicolae_overflow_hidden_temple, gammafunk_ghost_grave
D:5:      layout_rooms, gammafunk_ghost_split, serial_rivers,
          chequers_serial_rivers_micro_d, chequers_serial_rivers_marsh,
          chequers_serial_rivers_micro_d, chequers_serial_rivers_room_b,
          uniq_crazy_yiuf_cottage, uniq_duvessa

Skill      XL: |  1  2  3  4  5  6  7 |
---------------+----------------------+-----
Maces & Flails | 3 4 |  4.9
Dodging        | 3 4 |  4.3
Armour         | 1 2 3 |  3.1
Fighting       | 3 4 |  4.0
Throwing       | |  1.7

Action                   |  1- 3 |  4- 6 |  7- 9 || total
-------------------------+-------+-------+-------++-------
Melee: Flail             |    58 |   155 |    40 ||   253
       Touch             |     6 |    11 |       ||    17
       Unarmed           |       |     7 |       ||     7
       Punch             |       |     1 |       ||     1
  Use: Scroll            |       |     9 |       ||     9
       Potion            |       |       |     1 ||     1
Armor: Ring mail         |     8 |       |       ||     8
       Chain mail        |    37 |    53 |    25 ||   115
Dodge: Dodged            |    33 |    21 |     4 ||    58
Block: Kite shield       |       |   123 |    67 ||   190

Table legend: (Time is in decaauts)
 A = Elapsed time spent in this place.
 B = Non-inter-level travel time spent in this place.
 C = Inter-level travel time spent in this place.
 D = Time resting spent in this place.
 E = Time spent auto-exploring this place.
 F = Levels seen in this place.
 G = Mean time per level.
                   A        B        C        D        E       F      G
               +--------+--------+--------+--------+--------+-----+--------+
         Total |   3471 |   3402 |     69 |    595 |   1934 |   5 |  694.2 |
       Dungeon |   3471 |   3402 |     69 |    595 |   1934 |   5 |  694.2 |
               +--------+--------+--------+--------+--------+-----+--------+

Top non-repeatable levels by time:
     D:4: 1335 daAuts
     D:1: 821 daAuts
     D:2: 708 daAuts
     D:3: 477 daAuts
     D:5: 129 daAuts
